 Dungeon Crawl Stone Soup version 0.30-a0-4-ga7cffc901d (webtiles) character file.

Game seed: 9486023604399211378

15 Setbun the Sneak (level 2, 0/15 HPs)
             Began as a Kobold Enchanter on Aug 20, 2022.
             Slain by an ufetubus (3 damage)
             ... on level 1 of the Dungeon.
             The game lasted 00:00:28 (1094 turns).

Setbun the Sneak (Kobold Enchanter)                 Turns: 1094, Time: 00:00:29

Health: 0/15       AC:  2    Str:  5    XL:     2   Next: 65%
Magic:  3/5        EV: 12    Int: 16    God:
Gold:   50         SH:  0    Dex: 15    Spells: 3/5 levels left

rFire   . . .      SeeInvis .    a - +1 dagger
rCold   . . .      Faith    .    (no shield)
rNeg    . . .      Spirit   .    b - +0 robe
rPois   .          Reflect  .    (no helmet)
rElec   .          Harm     .    (no cloak)
rCorr   .          Rampage  .    (no gloves)
Will    .....                    (no boots)
Stlth   ++++......               (no amulet)
HPRegen 0.05/turn                (no ring)
MPRegen 0.09/turn                (no ring)

@: constricted
A: small, no large weapons, nightstalker 3
a: no special abilities


You were on level 1 of the Dungeon.
You visited 1 branch of the dungeon, and saw 2 of its levels.

You collected 50 gold pieces.

Inventory:

Hand Weapons
 a - a +1 dagger (weapon)
Armour
 b - a +0 robe (worn)
Jewellery
 e - a ring of wizardry
Scrolls
 d - 2 scrolls of poison {unknown}
 f - a scroll of immolation {unknown}
 l - a scroll of noise {unknown}
Potions
 c - 2 potions of invisibility
 g - a potion of attraction {unknown}
 h - a potion of lignification {unknown}
 i - a potion of haste {unknown}
 j - a potion of curing {unknown}
 k - a potion of heal wounds {unknown}


   Skills:
 + Level 1.9 Short Blades
 + Level 2.7 Dodging
 + Level 4.3 Stealth
 + Level 2.4 Spellcasting
 + Level 3.1 Hexes


You had 3 spell levels left.
You knew the following spells:

 Your Spells              Type           Power      Damage    Failure   Level
a - Ensorcelled Hibernat  Hex/Ice        12%        N/A       16%         2

Your spell library contained the following spells:

 Spells                   Type           Power      Damage    Failure   Level
 Confusing Touch          Hex            12%        N/A       16%         3
 Tukima's Dance           Hex            12%        N/A       16%         3
 Dazzling Flash           Conj/Hex       12%        N/A       30%         3


Dungeon Overview and Level Annotations

Branches:
Dungeon (2/15)

Altars:


Innate Abilities, Weirdness & Mutations

You are small and have problems with some larger weapons.
You are completely attuned to the shadows.


Message History

No target in view!
(D) Dungeon
Where to? (? - help)
There is a stone staircase leading down here.
You climb downwards.
The ufetubus shouts!
The ball python hisses angrily.
Found a scroll labelled XUAGGU JEIREM and a sling.
There is a stone staircase leading up here.
There are monsters nearby!
There are monsters nearby!
There are monsters nearby!
You barely miss the ball python. The ball python completely misses you.
The ball python grabs you. The ball python constricts you.
You hit the ball python.
The ball python is moderately wounded.
The ball python bites you. The ball python constricts you.
You hit the ball python but do no damage.
The ball python is moderately wounded.
The ufetubus hits you but does no damage.
The ufetubus hits you.
A hobgoblin comes into view.
The ball python bites you. The ball python constricts you.
The ufetubus hits you.
* * * LOW HITPOINT WARNING * * *
The ufetubus hits you but does no damage.
You escape the ball python's grasp.
The ufetubus misses you. x2
You climb upwards.
There is a stone staircase leading down here.
Casting: Ensorcelled Hibernation (safe; 16% risk of failure)
Confirm with . or Enter, or press ? or * to list all spells.
Aiming: Ensorcelled Hibernation (safe; 16% risk of failure)
Press: ? - help, Shift-Dir - straight line, f - ufetubus
Aim: an ufetubus (not susceptible)
The ufetubus is unaffected.
The ufetubus hits you but does no damage. x2
The ball python bites you but does no damage.
The ball python grabs you. The ball python constricts you.
The ufetubus hits you but does no damage.
The ufetubus hits you.
You die...

##################
...............5@#
#####..#########S#
#..## #.# #.## #.#
####.# #.# #....#
#.# ..############
#.# .............#
#.###########
.............#
#.#.........#


You could see an ufetubus and a ball python.

Vanquished Creatures
  3 endoplasms (D:1)
  A giant cockroach (D:1)
  A goblin (D:1)
  A hobgoblin (D:1)
  A quokka (D:1)
  2 ball pythons (D:1)
  A frilled lizard (D:1)
  3 kobolds (D:1)
  A rat (D:1)
14 creatures vanquished.

Notes
Turn   | Place    | Note
-------+----------+-------------------------------------------
     0 | D:1      | Setbun the Kobold Enchanter began the quest for the Orb.
     0 | D:1      | Reached XP level 1. HP: 10/10 MP: 3/3
   112 | D:1      | Found a faded altar of an unknown god.
   163 | D:1      | Reached XP level 2. HP: 15/15 MP: 5/5
   166 | D:1      | Learned a level 2 spell: Ensorcelled Hibernation
  1094 | D:1      | Slain by an ufetubus

Illustrated notes

Levels and vault maps discovered:
D:1:      lemuel_arrival_funnel, layout_basic, basic_ecumenical_altar
D:2:      layout_loops_ring, minivault_23, grunt_ministairs_10,
          chequers_serial_rivers_room_b

Action                   || total
-------------------------++-------
Melee: Dagger            ||    19
 Cast: Ensorcelled Hiber ||     1
 Stab: Sleeping          ||    11
Armor: Robe              ||     6
Dodge: Dodged            ||     5

Table legend: (Time is in decaauts)
 A = Elapsed time spent in this place.
 B = Non-inter-level travel time spent in this place.
 C = Inter-level travel time spent in this place.
 D = Time resting spent in this place.
 E = Time spent auto-exploring this place.
 F = Levels seen in this place.
 G = Mean time per level.
                   A        B        C        D        E       F      G
               +--------+--------+--------+--------+--------+-----+--------+
         Total |   1092 |   1033 |     59 |      0 |    947 |   2 |  546.0 |
       Dungeon |   1092 |   1033 |     59 |      0 |    947 |   2 |  546.0 |
               +--------+--------+--------+--------+--------+-----+--------+

Top non-repeatable levels by time:
     D:1: 1088 daAuts
     D:2: 4 daAuts
